 Dungeon Crawl Stone Soup version 0.29-a0-284-gf9362112df (webtiles) character file.

Game seed: 11757698565193694050

1245 yunder69 the Fighter (level 8, 0/84 HPs)
             Began as a Minotaur Berserker on Mar 27, 2022.
             Was a Believer of Trog.
             Slain by a gnoll
             ... wielding a +0 spear
              (2 damage)
             ... on level 5 of the Dungeon.
             The game lasted 00:12:43 (4034 turns).

yunder69 the Fighter (Minotaur Berserker)           Turns: 4034, Time: 00:12:45

Health: 0/84       AC:  5    Str: 28    XL:     8   Next: 25%
Magic:  7/7        EV: 12    Int:  6    God:    Trog [**....]
Gold:   207        SH:  0    Dex: 10    Spells: 7/7 levels left

rFire   . . .      SeeInvis .   p - +0 scythe
rCold   . . .      Faith    .   (shield currently unavailable)
rNeg    . . .      Spirit   .   y - +0 troll leather armour {Pargi}
rPois   .          Reflect  .   (helmet restricted)
rElec   .          Harm     .   b - +0 cloak
rCorr   .          Rampage  .   (no gloves)
Will    ++...                   (no boots)
Stlth   +.........              (no amulet)
HPRegen 2.04/turn               A - +6 ring of strength
MPRegen 0.10/turn               (no ring)

@: strong-willed, on berserk cooldown, regenerating, slowed, very slow
A: horns 2, retaliatory headbutt
a: Renounce Religion, Berserk, Trog's Hand


You were on level 5 of the Dungeon.
You worshipped Trog.
Trog was pleased with you.
You visited 1 branch of the dungeon, and saw 5 of its levels.

You collected 207 gold pieces.

Inventory:

Hand Weapons
 p - a +0 scythe (weapon)
Missiles
 j - 4 poisoned darts (quivered)
 r - a throwing net
Armour
 b - a +0 cloak (worn)
 n - a +2 chain mail of poison resistance
 y - a +0 troll leather armour (worn) {Pargi}
Jewellery
 A - a +6 ring of strength (left hand)
 G - an amulet of magic regeneration
 H - a ring of flight
Wands
 l - a wand of polymorph (6)
 t - a wand of iceblast (12)
 u - a wand of mindburst (6)
Scrolls
 a - a scroll of fear {unknown}
 d - a scroll of noise {unknown}
 f - a scroll of enchant weapon {unknown}
 i - a scroll of holy word {unknown}
 k - 2 scrolls of amnesia {unknown}
 q - 7 scrolls of identify {unknown}
 s - 2 scrolls of teleportation {unknown}
 v - a scroll of torment {unknown}
 w - a scroll of fog {unknown}
 x - a scroll of enchant armour {unknown}
 D - a scroll of blinking {unknown}
 E - a scroll of immolation {unknown}
Potions
 c - a potion of berserk rage {unknown}
 e - 2 potions of lignification {unknown}
 g - a potion of ambrosia {unknown}
 h - 3 potions of heal wounds {unknown}
 m - a potion of curing {unknown}
 o - 2 potions of brilliance {unknown}
 z - a potion of degeneration {unknown}
 B - a potion of magic {unknown}
 C - a potion of cancellation {unknown}
 F - a potion of flight {unknown}


   Skills:
 + Level 12.3 Fighting
 - Level 3.6 Polearms
 - Level 2.4 Armour
 - Level 2.1 Dodging


You had 7 spell levels left.
You didn't know any spells.
Your spell library was empty.

Dungeon Overview and Level Annotations

Branches:
Dungeon (5/15)
 Temple: D:4-7

Altars:
Cheibriados
Elyvilon
Nemelex Xobeh


Innate Abilities, Weirdness & Mutations

You have a pair of horns on your head.
You reflexively headbutt those who attack you in melee.


Message History

You headbutt the centaur.
The centaur kicks you but does no damage.
The gnoll completely misses you.
The gnoll shaman utters an invocation to its god.
The gnoll shaman is healed somewhat.
The centaur hits you but does no damage.
The centaur barely misses you.
The gnoll shaman prays to its god.
The gnoll shaman is healed somewhat.
The gnoll hits you from afar with a +0 spear.
* * * LOW HITPOINT WARNING * * *
The centaur misses you.
The centaur kicks you but does no damage.
Your skin crawls.
You feel strong-willed. The centaur hits you.
* * * LOW HITPOINT WARNING * * *
The centaur kicks you but does no damage.
The gnoll hits you but does no damage.
The gnoll shaman hits you with a +0 whip.
* * * LOW HITPOINT WARNING * * *
The centaur closely misses you.
The centaur kicks you but does no damage.
The gnoll shaman barely misses you.
The gnoll hits you from afar with a +0 spear!
* * * LOW HITPOINT WARNING * * *
You barely miss the gnoll shaman.
The gnoll shaman is moderately wounded.
The centaur closely misses you. x2; The centaur hits you.
* * * LOW HITPOINT WARNING * * *
The centaur kicks you but does no damage.
The gnoll barely misses you. The gnoll shaman barely misses you.
You furiously retaliate!
You headbutt the gnoll shaman, but do no damage.
The centaur hits you.
* * * LOW HITPOINT WARNING * * *
The centaur kicks you but does no damage.
The gnoll shaman hits you but does no damage.
The gnoll hits you from afar with a +0 spear.
You die...

. #. .. #. #..#.###.##
..#...#...### #.#.#.#
...# #...#.# ##.## #####
#.#...#.####...###g.....
..#..........#..@gS.....
..#..........####c......
#...))...♣..## #g.....
##..)...♣...## ......
#....♣♣.♣...# .....
#...)♣♣.....# .....
#...........# ####
#...........#
.#........##.#####


You could see a centaur, a gnoll shaman, 2 gnolls and an adder.

Vanquished Creatures
  Sigmund (D:2)
  Edmund (D:4)
  An ogre (D:5)
  Pargi (D:3)
  3 phantoms
  3 hounds (D:4)
  An orc priest (D:4)
  Ijyb (D:3)
  Jessica (D:3)
  Terence (D:2)
  2 iguanas (D:4)
  2 orc wizards (D:4)
  14 gnolls
  4 adders
  A worm (D:3)
  3 dart slugs
  10 orcs (D:4)
  11 endoplasms
  3 giant cockroaches
  8 goblins
  7 hobgoblins
  2 jackals (D:4)
  3 quokkas
  A ball python (D:2)
  4 bats
  3 frilled lizards
  10 kobolds
  9 rats
111 creatures vanquished.

Notes
Turn   | Place    | Note
-------+----------+-------------------------------------------
     0 | D:1      | yunder69 the Minotaur Berserker began the quest for the
                  | Orb.
     0 | D:1      | Reached XP level 1. HP: 19/19 MP: 0/0
   177 | D:1      | Reached skill level 4 in Fighting
   183 | D:1      | Reached XP level 2. HP: 26/28 MP: 1/1
   486 | D:1      | Reached skill level 5 in Fighting
   652 | D:1      | Reached ** piety under Trog
   653 | D:1      | Reached XP level 3. HP: 34/36 MP: 2/2
   670 | D:1      | Found a faded altar of an unknown god.
  1236 | D:2      | Noticed Terence
  1249 | D:2      | Killed Terence
  1484 | D:2      | Found a snail-covered altar of Cheibriados.
  1663 | D:2      | Noticed Sigmund
  1672 | D:2      | Killed Sigmund
  1673 | D:2      | Reached skill level 7 in Fighting
  1673 | D:2      | Reached XP level 4. HP: 48/48 MP: 3/3
  1673 | D:2      | Reached XP level 5. HP: 53/53 MP: 4/4
  1879 | D:2      | Reached skill level 8 in Fighting
  2102 | D:3      | Reached XP level 6. HP: 61/61 MP: 5/5
  2469 | D:3      | Noticed Jessica
  2475 | D:3      | Killed Jessica
  2545 | D:3      | Noticed Ijyb
  2551 | D:3      | Killed Ijyb
  2694 | D:3      | Reached skill level 9 in Fighting
  2857 | D:3      | Noticed Pargi
  2862 | D:3      | Killed Pargi
  2943 | D:3      | Reached XP level 7. HP: 59/71 MP: 6/6
  3125 | D:4      | Reached skill level 10 in Fighting
  3335 | D:4      | Noticed Edmund
  3342 | D:4      | Killed Edmund
  3359 | D:4      | Identified the +0 leather armour of the Moon {Rampage}
  3425 | D:4      | Found a sparkling altar of Nemelex Xobeh.
  3467 | D:4      | Found a white marble altar of Elyvilon.
  3534 | D:4      | Reached skill level 11 in Fighting
  3553 | D:4      | Reached *** piety under Trog
  3626 | D:4      | Reached XP level 8. HP: 83/83 MP: 7/7
  3906 | D:5      | Entered Level 5 of the Dungeon
  3915 | D:5      | Reached skill level 12 in Fighting
  4033 | D:5      | HP: 3/84 [gnoll/+0 spear (7)]
  4034 | D:5      | Slain by a gnoll

Illustrated notes

Levels and vault maps discovered:
D:1:      saegor_arrival_under_anarchy, layout_loops_corners,
          ebering_ecumenical_altar_webs
D:2:      layout_loops_ring, basic_altar, roderic_serpentine_path, uniq_sigmund,
          uniq_terence
D:3:      kennysheep_big_flooded_room, layout_basic, minmay_crystal_water,
          chequers_serial_rivers_small_b, kennysheep_jessica_study, uniq_pargi,
          uniq_jessica, uniq_ijyb
D:4:      layout_loops_ring, mainiacjoe_overflow_cross_hatched,
          nemelex_dance_club_becter, uniq_edmund
D:5:      layout_rooms, nicolae_dithmenos_shadow_blocks,
          mainiacjoe_overflow_paths, minmay_door_square, chequers_garden,
          uniq_grinder

Skill      XL: |  1  2  3  4  5  6  7  8 |
---------------+-------------------------+-----
Fighting       | 4 5 7 8 9 11 12 | 12.3
Polearms       | |  3.6
Armour         | |  2.4
Dodging        | |  2.1

Action                   |  1- 3 |  4- 6 |  7- 9 || total
-------------------------+-------+-------+-------++-------
Melee: Spear             |    95 |       |       ||    95
       Headbutt          |    10 |    12 |    15 ||    37
       Scythe            |       |    77 |   115 ||   192
Invok: Berserk           |     2 |     3 |     2 ||     7
       Trog's Hand       |     1 |     4 |     3 ||     8
Armor: Animal skin       |     4 |       |       ||     4
       Ring mail         |     4 |       |       ||     4
       Chain mail        |     1 |    66 |       ||    67
       Troll leather arm |       |       |    65 ||    65
Dodge: Dodged            |    21 |    48 |   113 ||   182

Table legend: (Time is in decaauts)
 A = Elapsed time spent in this place.
 B = Non-inter-level travel time spent in this place.
 C = Inter-level travel time spent in this place.
 D = Time resting spent in this place.
 E = Time spent auto-exploring this place.
 F = Levels seen in this place.
 G = Mean time per level.
                   A        B        C        D        E       F      G
               +--------+--------+--------+--------+--------+-----+--------+
         Total |   4249 |   4029 |    220 |    445 |   2712 |   5 |  849.8 |
       Dungeon |   4249 |   4029 |    220 |    445 |   2712 |   5 |  849.8 |
               +--------+--------+--------+--------+--------+-----+--------+

Top non-repeatable levels by time:
     D:2: 1187 daAuts
     D:1: 1124 daAuts
     D:3: 923 daAuts
     D:4: 856 daAuts
     D:5: 157 daAuts
